 Dungeon Crawl Stone Soup version 0.23-a0-655-g3751e1c (webtiles) character file.

34 galech the Skirmisher (level 3, 27/29 HPs)
             Began as a Demonspawn Fighter on Jan 7, 2019.
             Quit the game on level 2 of the Dungeon.
             The game lasted 00:01:16 (1076 turns).

galech the Skirmisher (Demonspawn Fighter)          Turns: 1076, Time: 00:01:16

Health: 27/29      AC:  7    Str: 17    XL:     3   Next: 14%
Magic:  3/3        EV:  7    Int:  9    God:
Gold:   23         SH:  9    Dex: 12    Spells: 2/2 levels left

rFire    . . .     SeeInvis .   a - +0 war axe
rCold    . . .     Gourm    .   c - +0 shield
rNeg     . . .     Faith    .   b - +0 scale mail
rPois    .         Spirit   .   (no helmet)
rElec    .         Reflect  .   (no cloak)
rCorr    .         Harm     .   (no gloves)
MR       .....                  e - +0 pair of boots
Stlth    +.........             (no amulet)
HPRegen  0.09/turn              (no ring)
MPRegen  0.08/turn              (no ring)

@: no status effects
A: talons 1, nightstalker 1
a: no special abilities


You were on level 2 of the Dungeon.
You were not hungry.

You visited 1 branch of the dungeon, and saw 2 of its levels.

You collected 23 gold pieces.

Inventory:

Hand Weapons
 a - a +0 war axe (weapon)
Armour
 b - a +0 scale mail (worn)
 c - a +0 shield (worn)
 e - a +0 pair of boots (worn)
Jewellery
 n - a +4 ring of protection {unknown}
Scrolls
 g - a scroll of noise {unknown}
 i - a scroll of random uselessness {unknown}
 m - a scroll of fear {unknown}
Potions
 d - a potion of might
 h - a potion of curing {unknown}
 j - a potion of heal wounds {unknown}
 k - a potion of degeneration {unknown}
 o - a potion of haste {unknown}
 p - a potion of ambrosia {unknown}
Comestibles
 f - 3 rations
 l - 4 chunks of flesh


   Skills:
 + Level 3.1 Fighting
 + Level 2.1 Axes
 + Level 2.9 Armour
 + Level 0.8 Dodging
 + Level 3.1 Shields


You had 2 spell levels left.
You didn't know any spells.
Your spell library was empty.

Dungeon Overview and Level Annotations

Branches:
Dungeon (2/15)

Altars:


Innate Abilities, Weirdness & Mutations

You have sharp toenails.
You are slightly more attuned to the shadows.


Message History

No target in view!
There isn't anything here!
An adder comes into view.
The adder hisses angrily.
You block the adder's attack.
You slash the adder!
The adder is severely wounded.
The adder closely misses you.
The adder bites you but does no damage. x2
You slash the adder!
You kill the adder!
You have reached level 3!
Your experience leads to an increase in your attributes!
Increase (S)trength, (I)ntelligence, or (D)exterity?
You feel stronger.
Your demonic ancestry asserts itself...
You slip into the darkness of the dungeon.
You see here an adder corpse.
You butcher the adder corpse.
l - 4 chunks of flesh (gained 2)
You see here an adder skeleton.
Are you sure you want to abandon this character and quit the game? (Confirm

.. # ...#.
..#.###### .
........#
...#.#.#..#
.........>#
...#.#@#..#
#.#.##.########.
#...............
###.##..#########
#.##...........
#####+##..#########
#.........##
#.....#..#######
#....)....)....#


There were no monsters in sight!

Vanquished Creatures
  An adder (D:2)
  2 leopard geckos
  3 giant cockroaches (D:1)
  4 goblins
  A hobgoblin (D:1)
  2 jackals (D:1)
  3 bats (D:1)
  A frilled lizard (D:1)
  2 kobolds (D:1)
  4 rats
23 creatures vanquished.

Notes
Turn   | Place    | Note
-------+----------+-------------------------------------------
     0 | D:1      | galech the Demonspawn Fighter began the quest for the Orb.
     0 | D:1      | Reached XP level 1. HP: 18/18 MP: 1/1
   125 | D:1      | Gained mutation: You have sharp toenails. [demonic
                  | ancestry]
   125 | D:1      | Reached XP level 2. HP: 13/24 MP: 2/2
  1072 | D:2      | Gained mutation: You are slightly more attuned to the
                  | shadows. [demonic ancestry]
  1072 | D:2      | Reached XP level 3. HP: 26/29 MP: 3/3
  1076 | D:2      | Quit the game

Vault maps used:
D:1:      dpeg_arrival_central

Skill      XL: |  1  2 |
---------------+-------+-----
Axes           | 2 |  2.1
Shields        | 3 |  3.1
Fighting       | |  3.1
Armour         | |  2.9
Dodging        | |  0.8

Action                   || total
-------------------------++-------
Melee: War axe           ||    40
       Hand axe          ||    51
  Use: Scroll            ||     1
  Eat: Chunk             ||     1
Armor: Scale mail        ||    58
Dodge: Dodged            ||    15
Block: Shield            ||    52

Table legend:
 A = Non-vault XP
 B = Vault XP
 C = Vault XP percentage of total XP
 D = Non-vault monster count
 E = Vault monster count
 F = Vault count percentage of total count
                 A         B        C        D         E       F
            +---------+---------+-------+---------+---------+-------
      Total |      49 |       0 |   0.0 |      23 |       0 |   0.0
            +---------+---------+-------+---------+---------+-------
        D:1 |      29 |       0 |   0.0 |      18 |       0 |   0.0
        D:2 |      20 |       0 |   0.0 |       5 |       0 |   0.0
            +---------+---------+-------+---------+---------+-------
